NWL (28 & UNDER)
LA CROSSE LOGGERS @ SAN DIEGO SMASHERS
07/12/2023
 
TOP OF THE 1ST
La Crosse Loggers batting - Pitching for San Diego Smashers : RHP Rafael Blanco
Pitching: RHP Rafael Blanco
Batting: LHB Ricardo Ruíz 0-0: Called Strike
0-1: Foul Ball, location: 2F
0-2: Ball
1-2: SINGLE (Line Drive, 6D)
Batting: LHB Oliver Beltrán 0-0: Foul Ball, location: 2F
0-1: Ball
1-1: Foul Ball, location: 2F
1-2: Foul Ball, location: 2F
1-2: Ball
2-2: Foul Ball, location: 2F
2-2: Strikes out swinging
Batting: RHB Robert Barnard 0-0: Ball
1-0: Ball
2-0: Called Strike
2-1: Ball
3-1: Grounds into double play, 6-4-3 (Groundball, 6)
Top of the 1st over - 0 run(s), 1 hit(s), 0 error(s), 0 left on base; La Crosse 0 - San Diego 0
BOTTOM OF THE 1ST
San Diego Smashers batting - Pitching for La Crosse Loggers : RHP Michael Wright
Pitching: RHP Michael Wright
Batting: LHB Mario Olivares 0-0: Called Strike
0-1: Ball
1-1: Ground out U3 (Groundball, 3)
Batting: LHB Pedro Cruz 0-0: Ball
1-0: Ball
2-0: SINGLE (Line Drive, 78S)
Batting: RHB Francisco Castillo 0-0: Ball
1-0: Ball
2-0: Called Strike
2-1: Ball
3-1: Base on Balls
Pedro Cruz to second
Batting: LHB Jeffrey Bascombe 0-0: Ball
1-0: Ball
2-0: Foul Ball, location: 2F
2-1: Ball
3-1: Base on Balls
Pedro Cruz to third
Francisco Castillo to second
Batting: RHB Miguel Moreno 0-0: Called Strike
0-1: Ball
1-1: Foul Ball, location: 2F
1-2: Strikes out swinging
Batting: LHB Bob Cunningham 0-0: Fly out, F8 (Flyball, 8LD)
Bottom of the 1st over - 0 run(s), 1 hit(s), 0 error(s), 3 left on base; La Crosse 0 - San Diego 0
TOP OF THE 2ND
La Crosse Loggers batting - Pitching for San Diego Smashers : RHP Rafael Blanco
Batting: LHB José Santos 0-0: Ball
1-0: SINGLE (Groundball, 34D)
Batting: RHB Luis Ríos 0-0: Foul Ball, location: 2F
0-1: Ball
1-1: Foul Ball, location: 2F
1-2: Ball
2-2: SINGLE (Groundball, 56D)
José Santos to second
Batting: LHB Enrique Tirado 0-0: Called Strike
0-1: Ball
1-1: Ball
2-1: Fly out, F7 (Flyball, 7LSF)
Batting: RHB Fraser Stanton 0-0: Grounds into double play, 6-4-3 (Groundball, 6)
Top of the 2nd over - 0 run(s), 2 hit(s), 0 error(s), 1 left on base; La Crosse 0 - San Diego 0
BOTTOM OF THE 2ND
San Diego Smashers batting - Pitching for La Crosse Loggers : RHP Michael Wright
Batting: RHB Cisco Gatán 0-0: Ball
1-0: Foul Ball, location: 2F
1-1: Ball
2-1: Ball
3-1: Swinging Strike
3-2: Foul Ball, location: 2F
3-2: Strikes out looking
Batting: LHB Alfredo Fernández 0-0: Swinging Strike
0-1: Ball
1-1: Foul Ball, location: 2F
1-2: Ball
2-2: Strikes out swinging
Batting: RHB Justin Burgess 0-0: Ball
1-0: Foul Ball, location: 2F
1-1: Swinging Strike
1-2: Strikes out swinging
Bottom of the 2nd over - 0 run(s), 0 hit(s), 0 error(s), 0 left on base; La Crosse 0 - San Diego 0
TOP OF THE 3RD
La Crosse Loggers batting - Pitching for San Diego Smashers : RHP Rafael Blanco
Batting: RHB Vicente Vélez 0-0: Ball
1-0: Ball
2-0: Ball
3-0: Called Strike
3-1: Base on Balls
Batting: RHB Jimmy Smith 0-0: Called Strike
0-1: Ball
1-1: Fly out, F8 (Line Drive, 8LD)
Batting: LHB Ricardo Ruíz 0-0: Foul Ball, location: 2F
0-1: Ball
1-1: Foul Ball, location: 2F
1-2: Ball
2-2: Foul Ball, location: 2F
2-2: Strikes out looking
Batting: LHB Oliver Beltrán 0-0: Called Strike
0-1: Fly out, F9 (Flyball, 9LS)
Top of the 3rd over - 0 run(s), 0 hit(s), 0 error(s), 1 left on base; La Crosse 0 - San Diego 0
BOTTOM OF THE 3RD
San Diego Smashers batting - Pitching for La Crosse Loggers : RHP Michael Wright
Batting: LHB Mario Olivares 0-0: Foul Ball, location: 2F
0-1: Ball
1-1: SINGLE (Line Drive, 6MD)
Batting: LHB Pedro Cruz 0-0: Ball
1-0: SINGLE (Groundball, 4MD)
Mario Olivares to second
Runner from 2nd tries for 3rd, SAFE, no throw or cutoff
Batting: RHB Francisco Castillo 0-0: Foul Ball, location: 2F
0-1: Ball
1-1: Foul Ball, location: 2F
1-2: Foul Ball, location: 2F
1-2: Ball
2-2: Foul Ball, location: 2F
2-2: Ball
Wild Pitch!
Mario Olivares scores
Pedro Cruz to second
3-2: Foul Ball, location: 2F
3-2: Strikes out swinging
Batting: LHB Jeffrey Bascombe 0-0: Ball
1-0: Ball
2-0: Called Strike
2-1: Fly out, F8 (Line Drive, 8RD)
Runner from 2nd tags up, SAFE at 3rd, no throw
Batting: RHB Miguel Moreno 0-0: Foul Ball, location: 2F
0-1: Foul Ball, location: 2F
0-2: Ball
1-2: Ball
2-2: Fly out, F8 (Flyball, 8RXD)
Bottom of the 3rd over - 1 run(s), 2 hit(s), 0 error(s), 1 left on base; La Crosse 0 - San Diego 1
TOP OF THE 4TH
La Crosse Loggers batting - Pitching for San Diego Smashers : RHP Rafael Blanco
Batting: RHB Robert Barnard 0-0: Ball
1-0: SINGLE (Line Drive, 6M)
Batting: LHB José Santos 0-0: Ball
1-0: Fly out, F8 (Flyball, 8RXD)
Runner from 1st tags up, SAFE at 2nd
Batting: RHB Luis Ríos 0-0: Ball
1-0: Ball
Passed Ball!
Robert Barnard to third
2-0: Ground out 6-3 (Groundball, 6)
Robert Barnard scores
Batting: LHB Enrique Tirado 0-0: Swinging Strike
0-1: Called Strike
0-2: Foul Ball, location: 2F
0-2: Hit by Pitch
Batting: RHB Fraser Stanton 0-0: Called Strike
0-1: Ball
1-1: Ball
2-1: Ball
3-1: DOUBLE (Line Drive, 5L)
Enrique Tirado to third
Runner from 3rd tries for Home, SAFE, no throw or cutoff
Batting: RHB Vicente Vélez 0-0: Called Strike
0-1: Ball
1-1: Swinging Strike
1-2: Ball
2-2: Foul Ball, location: 2F
2-2: Strikes out swinging
Top of the 4th over - 2 run(s), 2 hit(s), 0 error(s), 1 left on base; La Crosse 2 - San Diego 1
BOTTOM OF THE 4TH
San Diego Smashers batting - Pitching for La Crosse Loggers : RHP Michael Wright
Batting: LHB Bob Cunningham 0-0: Ball
1-0: Ball
2-0: Called Strike
2-1: Ball
3-1: Base on Balls
Batting: RHB Cisco Gatán 0-0: Swinging Strike
0-1: Ball
1-1: Ball
2-1: Ball
3-1: SINGLE (Groundball, 6MD)
Bob Cunningham to second
Throwing error, E8
Bob Cunningham scores
Cisco Gatán to second
Batting: LHB Alfredo Fernández 0-0: Swinging Strike
0-1: Ball
1-1: Swinging Strike
1-2: Foul Ball, location: 2F
1-2: Ground out 4-3 (Groundball, 4M)
Cisco Gatán to third
Batting: RHB Justin Burgess 0-0: Called Strike
0-1: Ball
1-1: Ball
2-1: Foul Ball, location: 2F
2-2: Ball
3-2: Foul Ball, location: 2F
3-2: Base on Balls
Batting: LHB Mario Olivares 0-0: Called Strike
0-1: Called Strike
0-2: Ball
1-2: Ball
2-2: Fielders Choice at 2nd, 4-6 (Groundball, 4)
Cisco Gatán scores
Batting: LHB Pedro Cruz 0-0: Fly out, F6 (Popup, 6S)
Bottom of the 4th over - 2 run(s), 1 hit(s), 1 error(s), 1 left on base; La Crosse 2 - San Diego 3
TOP OF THE 5TH
La Crosse Loggers batting - Pitching for San Diego Smashers : RHP Rafael Blanco
Batting: RHB Jimmy Smith 0-0: Called Strike
0-1: Fly out, F5 (Popup, 5F)
Batting: LHB Ricardo Ruíz 0-0: Ground out 5-3 (Groundball, 56)
Batting: LHB Oliver Beltrán 0-0: Called Strike
0-1: Called Strike
0-2: Ground out 1-3 (Groundball, 15S)
Top of the 5th over - 0 run(s), 0 hit(s), 0 error(s), 0 left on base; La Crosse 2 - San Diego 3
BOTTOM OF THE 5TH
San Diego Smashers batting - Pitching for La Crosse Loggers : RHP Michael Wright
Batting: RHB Francisco Castillo 0-0: Swinging Strike
0-1: Called Strike
0-2: Foul Ball, location: 2F
0-2: Ball
1-2: DOUBLE (Line Drive, 78D)
Batting: LHB Jeffrey Bascombe 0-0: Intentional Walk
Pitching: RHP Andy Parker
Batting: RHB Miguel Moreno 0-0: Ball
1-0: Foul Ball, location: 2F
1-1: Foul Ball, location: 2F
1-2: Fly out, F8 (Flyball, 8LXD)
Runner from 2nd tags up, SAFE at 3rd, no throw
Batting: LHB Bob Cunningham 0-0: Called Strike
0-1: Foul Ball, location: 2F
0-2: Ball
1-2: SINGLE (Flyball, 8LS)
Francisco Castillo scores
Jeffrey Bascombe to second
Batting: RHB Cisco Gatán 0-0: Ball
1-0: Fly out, F9 (Popup, 9LS)
Batting: LHB Alfredo Fernández 0-0: Called Strike
0-1: Ball
1-1: Ball
2-1: Ball
3-1: Called Strike
3-2: Foul Ball, location: 2F
3-2: Foul Ball, location: 2F
3-2: Base on Balls
Jeffrey Bascombe to third
Bob Cunningham to second
Batting: RHB Justin Burgess 0-0: SINGLE (Flyball, 7LM)
Jeffrey Bascombe scores
Bob Cunningham to third
Alfredo Fernández to second
Runner from 3rd tries for Home, SAFE, throw made home
Alfredo Fernández to third
Justin Burgess to second
Batting: LHB Mario Olivares 0-0: Foul Ball, location: 2F
0-1: Called Strike
0-2: Ball
1-2: Strikes out swinging
Bottom of the 5th over - 3 run(s), 3 hit(s), 0 error(s), 2 left on base; La Crosse 2 - San Diego 6
TOP OF THE 6TH
La Crosse Loggers batting - Pitching for San Diego Smashers : RHP Rafael Blanco
Batting: RHB Robert Barnard 0-0: Foul Ball, location: 2F
0-1: Ball
1-1: Fly out, F5 (Popup, 5SF)
Batting: LHB José Santos 0-0: Ball
1-0: Fly out, F3 (Line Drive, 34)
Batting: RHB Luis Ríos 0-0: Swinging Strike
0-1: Foul Ball, location: 2F
0-2: Ball
1-2: SINGLE (Groundball, 4MD)
Batting: LHB Enrique Tirado 0-0: Swinging Strike
0-1: Ball
1-1: Ball
2-1: Foul Ball, location: 2F
2-2: Fly out, F9 (Flyball, 9M)
Top of the 6th over - 0 run(s), 1 hit(s), 0 error(s), 1 left on base; La Crosse 2 - San Diego 6
BOTTOM OF THE 6TH
San Diego Smashers batting - Pitching for La Crosse Loggers : RHP Andy Parker
Batting: LHB Pedro Cruz 0-0: Called Strike
0-1: Swinging Strike
0-2: Strikes out swinging
Batting: RHB Francisco Castillo 0-0: Called Strike
0-1: Ball
1-1: Swinging Strike
1-2: Strikes out swinging
Batting: LHB Jeffrey Bascombe 0-0: Ground out U3 (Groundball, 3S)
Bottom of the 6th over - 0 run(s), 0 hit(s), 0 error(s), 0 left on base; La Crosse 2 - San Diego 6
TOP OF THE 7TH
La Crosse Loggers batting - Pitching for San Diego Smashers : RHP Rafael Blanco
Batting: RHB Fraser Stanton 0-0: Ball
1-0: Called Strike
1-1: Ball
2-1: Ball
3-1: Called Strike
3-2: Base on Balls
Batting: RHB Vicente Vélez 0-0: Ball
1-0: Ball
2-0: Called Strike
2-1: Swinging Strike
2-2: DOUBLE (Line Drive, 3L)
Fraser Stanton to third
Runner from 3rd tries for Home, SAFE, no throw or cutoff
Pitching: RHP Warren Johnson
Batting: RHB Jimmy Smith 0-0: Called Strike
0-1: SINGLE (Groundball, 56D) (infield hit)
Vicente Vélez to third
Batting: LHB Ricardo Ruíz 0-0: SINGLE (Groundball, 25) (infield hit)
Jimmy Smith to second
Batting: LHB Oliver Beltrán 0-0: Called Strike
0-1: Fly out, F8 (Flyball, 89XD)
Runner from 3rd tags up, SCORES, no throw
Jimmy Smith to third
Pinch Hitting: LHB David Doyle Pickoff Throw to First - Error! E1
Jimmy Smith scores
Ricardo Ruíz to second
0-0: SINGLE (Line Drive, 56D)
Ricardo Ruíz to third
Runner from 3rd tries for Home, SAFE, no throw or cutoff
Batting: LHB José Santos 0-0: Ball
1-0: Ball
2-0: Ball
3-0: Called Strike
3-1: Base on Balls
David Doyle to second
Batting: RHB Luis Ríos 0-0: Ball
1-0: Ball
Wild Pitch!
David Doyle to third
José Santos to second
2-0: Intentional Walk
Batting: LHB Enrique Tirado 0-0: Ball
1-0: Called Strike
1-1: Foul Ball, location: 2F
1-2: Ball
2-2: Foul Ball, location: 2F
2-2: Strikes out swinging
Batting: RHB Fraser Stanton 0-0: Ball
1-0: Ball
2-0: Foul Ball, location: 2F
2-1: SINGLE (Groundball, 56D)
David Doyle scores
José Santos to third
Luis Ríos to second
Runner from 3rd tries for Home, SAFE, no throw or cutoff
Pitching: RHP Pepe Guillén
Batting: RHB Vicente Vélez 0-0: Ball
1-0: Ground out 4-3 (Groundball, 4)
Top of the 7th over - 6 run(s), 5 hit(s), 1 error(s), 2 left on base; La Crosse 8 - San Diego 6
BOTTOM OF THE 7TH
San Diego Smashers batting - Pitching for La Crosse Loggers : RHP Andy Parker
Pitching: LHP Marty Blasingame
Now in LF: Ron Shook
Batting: RHB Miguel Moreno 0-0: Called Strike
0-1: Foul Ball, location: 2F
0-2: Ball
1-2: Strikes out looking
Batting: LHB Bob Cunningham 0-0: Ball
1-0: Swinging Strike
1-1: Foul Ball, location: 2F
1-2: Strikes out swinging
Batting: RHB Cisco Gatán 0-0: Ball
1-0: Called Strike
1-1: Ground out 6-3 (Groundball, 6)
Bottom of the 7th over - 0 run(s), 0 hit(s), 0 error(s), 0 left on base; La Crosse 8 - San Diego 6
TOP OF THE 8TH
La Crosse Loggers batting - Pitching for San Diego Smashers : RHP Pepe Guillén
Batting: RHB Jimmy Smith 0-0: Ball
1-0: Foul Ball, location: 2F
1-1: Ball
2-1: Fly out, F9 (Flyball, 9S)
Batting: LHB Ricardo Ruíz 0-0: Ball
1-0: SINGLE (Groundball, 4M)
Batting: LHB Oliver Beltrán 0-0: Foul Ball, location: 2F
0-1: Ball
1-1: Ball
2-1: Foul Ball, location: 2F
2-2: Fly out, F9 (Line Drive, 9D)
Batting: RHB Ron Shook 0-0: Ball
Ricardo Ruíz is caught stealing 2nd base
Top of the 8th over - 0 run(s), 1 hit(s), 0 error(s), 0 left on base; La Crosse 8 - San Diego 6
BOTTOM OF THE 8TH
San Diego Smashers batting - Pitching for La Crosse Loggers : LHP Marty Blasingame
Batting: LHB Alfredo Fernández 0-0: Ball
1-0: Ball
2-0: Ball
3-0: Called Strike
3-1: Base on Balls
Batting: RHB Justin Burgess 0-0: Ball
1-0: Ball
2-0: Foul Ball, location: 2F
2-1: Ball
3-1: Base on Balls
Alfredo Fernández to second
Pinch Hitting: SHB Yoshitoki Kouda 0-0: Ball
1-0: Sac Bunt - play at first, batter OUT! 5-3
Alfredo Fernández to third
Justin Burgess to second
Pinch Hitting: RHB Javier García 0-0: SINGLE (Groundball, 34D)
Alfredo Fernández scores
Justin Burgess to third
Batting: RHB Francisco Castillo 0-0: Ball
1-0: Foul Ball, location: 2F
1-1: Fielders Choice at 2nd, 5-4 (Groundball, 5)
Justin Burgess scores
Batting: LHB Jeffrey Bascombe 0-0: Ball
1-0: Foul Ball, location: 2F
1-1: Ball
2-1: Ball
3-1: Fly out, F7 (Flyball, 7LD)
Bottom of the 8th over - 2 run(s), 1 hit(s), 0 error(s), 1 left on base; La Crosse 8 - San Diego 8
TOP OF THE 9TH
La Crosse Loggers batting - Pitching for San Diego Smashers : RHP Pepe Guillén
Pitching: RHP Mark Ross
Now at 3B: Josh Richardson
Now in RF: Javier García
Pinch Hitting: LHB Brock Miller 0-0: Ball
1-0: Ground out 3-1 (Groundball, 34S)
Batting: LHB José Santos 0-0: Ball
1-0: Ball
2-0: Called Strike
2-1: Foul Ball, location: 2F
2-2: Ground out 6-3 (Groundball, 6M)
Batting: RHB Luis Ríos 0-0: Ball
1-0: Ball
2-0: Ground out 5-3 (Groundball, 5L)
Top of the 9th over - 0 run(s), 0 hit(s), 0 error(s), 0 left on base; La Crosse 8 - San Diego 8
BOTTOM OF THE 9TH
San Diego Smashers batting - Pitching for La Crosse Loggers : LHP Marty Blasingame
Pitching: RHP Mark Tidwell
Now in LF: Juan Vega
Pinch Hitting: LHB Noriaki Sangi 0-0: Ball
1-0: Ball
2-0: Foul Ball, location: 2F
2-1: Ball
3-1: Called Strike
3-2: Foul Ball, location: 2F
3-2: Foul Ball, location: 2F
3-2: Foul Ball, location: 2F
3-2: Foul Ball, location: 2F
3-2: Foul Ball, location: 2F
3-2: Base on Balls
Pinch Runner at 1st Armando Cruz:
Batting: LHB Bob Cunningham 0-0: Ball
Armando Cruz steals 2nd base
1-0: Intentional Walk
Batting: RHB Cisco Gatán 0-0: Called Strike
0-1: Swinging Strike
0-2: Ball
1-2: Fly out, F9 (Flyball, 9S)
Batting: LHB Alfredo Fernández 0-0: Foul Ball, location: 2F
0-1: Swinging Strike
0-2: Ball
1-2: Ball
2-2: Ball
3-2: Fly out, F7 (Popup, 56D)
Batting: RHB Justin Burgess 0-0: Foul Ball, location: 2F
0-1: Foul Ball, location: 2F
0-2: Foul Ball, location: 2F
0-2: Foul Ball, location: 2F
0-2: Foul Ball, location: 2F
0-2: Ball
1-2: Foul Ball, location: 2F
1-2: Strikes out swinging
Bottom of the 9th over - 0 run(s), 0 hit(s), 0 error(s), 2 left on base; La Crosse 8 - San Diego 8
TOP OF THE 10TH
La Crosse Loggers batting - Pitching for San Diego Smashers : RHP Mark Ross
Now at 2B: José González
Batting: LHB Enrique Tirado 0-0: Foul Ball, location: 2F
0-1: Ball
1-1: Swinging Strike
1-2: Strikes out swinging
Batting: RHB Fraser Stanton 0-0: Ground out 4-3 (Groundball, 4)
Batting: RHB Vicente Vélez 0-0: Ball
1-0: Called Strike
1-1: Swinging Strike
1-2: Foul Ball, location: 2F
1-2: Fly out, F3 (Popup, 23F)
Top of the 10th over - 0 run(s), 0 hit(s), 0 error(s), 0 left on base; La Crosse 8 - San Diego 8
BOTTOM OF THE 10TH
San Diego Smashers batting - Pitching for La Crosse Loggers : RHP Mark Tidwell
Batting: RHB Josh Richardson 0-0: Swinging Strike
0-1: Ball
1-1: Ball
2-1: Swinging Strike
2-2: Foul Ball, location: 2F
2-2: Ball
3-2: Base on Balls
Pinch Runner at 1st Luis Peña:
Batting: RHB Javier García 0-0: Sac Bunt - play at first, batter OUT! 5-4
Luis Peña to second
Batting: RHB Francisco Castillo 0-0: Called Strike
0-1: Called Strike
0-2: Ball
1-2: Fly out, F2 (Popup, 2R)
Batting: LHB Jeffrey Bascombe 0-0: Foul Ball, location: 2F
0-1: Called Strike
0-2: Foul Ball, location: 2F
0-2: Ball
1-2: Ball
2-2: Strikes out swinging
Bottom of the 10th over - 0 run(s), 0 hit(s), 0 error(s), 1 left on base; La Crosse 8 - San Diego 8
TOP OF THE 11TH
La Crosse Loggers batting - Pitching for San Diego Smashers : RHP Mark Ross
Pitching: RHP Alberto Ortega
Now at 3B: Raynard Brenner
Batting: RHB Jimmy Smith 0-0: Ball
1-0: Called Strike
1-1: Ground out 6-3 (Groundball, 6)
Batting: LHB Ricardo Ruíz 0-0: Foul Ball, location: 2F
0-1: Ground out 4-3 (Groundball, 4)
Batting: LHB Oliver Beltrán 0-0: Swinging Strike
0-1: Foul Ball, location: 2F
0-2: Ball
1-2: Strikes out looking
Top of the 11th over - 0 run(s), 0 hit(s), 0 error(s), 0 left on base; La Crosse 8 - San Diego 8
BOTTOM OF THE 11TH
San Diego Smashers batting - Pitching for La Crosse Loggers : RHP Mark Tidwell
Pitching: RHP Jim Miller
Batting: SHB José González 0-0: Foul Ball, location: 2F
0-1: Foul Ball, location: 2F
0-2: Ball
1-2: Ball
2-2: Ball
3-2: SINGLE (Groundball, 56)
Batting: LHB Bob Cunningham 0-0: Foul Ball, location: 2F
0-1: Sac Bunt - play at second, runner OUT! 1-6
Batting: RHB Cisco Gatán 0-0: Ball
1-0: Foul Ball, location: 2F
1-1: Foul Ball, location: 2F
1-2: 2-RUN HOME RUN (Flyball, 78XD), Distance : 413 ft
This league is powered by Out of the Park Baseball, the baseball management simulation game for PC, Mac and Linux
Wednesday, December 2nd, 2015 - OOTP Baseball 16.8 Build 38